 Dungeon Crawl Stone Soup version 0.23-a0-484-g29ba69c (webtiles) character file.

4938 galech the Cleaver (level 10, 0/76 (77) HPs)
             Began as a Demonspawn Fighter on Nov 30, 2018.
             Was a Priest of Okawaru.
             Killed from afar by an orc wizard (7 damage)
             ... with a magic dart
             ... on level 9 of the Dungeon.
             The game lasted 00:09:53 (9071 turns).

galech the Cleaver (Demonspawn Fighter)             Turns: 9071, Time: 00:09:54

HP:   0/76 (77)     AC:  9    Str: 16    XL:     10   Next: 28%
MP:   10/10         EV: 16    Int: 10    God:    Okawaru [***...]
Gold: 376           SH: 10    Dex: 16    Spells: 9/9 levels left

rFire    + . .     SeeInvis .   a - +0 war axe
rCold    . . .     Gourm    .   c - +0 shield
rNeg     . . .     Faith    .   j - +2 robe "Hero's Friend" {rF+}
rPois    .         Spirit   .   o - +0 helmet
rElec    .         Reflect  .   (no cloak)
rCorr    +         Harm     .   k - +0 pair of gloves
MR       .....                  (no boots)
Stlth    ++........             (no amulet)
HPRegen  0.22/turn              t - ring of resist corrosion (curse)
MPRegen  0.12/turn              E - +3 ring of evasion

@: no status effects
A: hooves 1, molten scales 2, demonic guardian 2, powered by pain 1
a: Heroism, Renounce Religion


You were on level 9 of the Dungeon.
You worshipped Okawaru.
Okawaru was most pleased with you.
You were not hungry.

You visited 1 branch of the dungeon, and saw 9 of its levels.

You collected 376 gold pieces.

Inventory:

Hand Weapons
 a - a +0 war axe (weapon)
 p - a +0 hand axe of chopping
Armour
 b - a +0 scale mail
 c - a +0 shield (worn)
 j - the +2 robe "Hero's Friend" (worn) {rF+}
   (You found it on level 4 of the Dungeon)

   It protects you from fire.
 k - a +0 pair of gloves (worn)
 o - a +0 helmet (worn)
 q - a +0 chain mail
Jewellery
 t - a cursed ring of resist corrosion (left hand)
 x - an uncursed ring of flight
 E - a +3 ring of evasion (right hand)
Wands
 J - a wand of polymorph (10)
 L - a wand of iceblast (8)
Scrolls
 e - 6 scrolls of remove curse
 g - 4 scrolls of fear
 r - a scroll of magic mapping
 s - a scroll of immolation
 y - a scroll of fog
 B - a scroll of noise
 D - 2 scrolls of blinking
 F - a scroll of amnesia {unknown}
 H - 2 scrolls of summoning {unknown}
 K - a scroll of random uselessness {unknown}
Potions
 d - a potion of might
 h - a potion of resistance {unknown}
 i - 2 potions of berserk rage {unknown}
 l - 4 potions of lignification {unknown}
 m - a potion of curing {unknown}
 n - a potion of flight {unknown}
 u - 4 potions of degeneration {unknown}
 v - 2 potions of haste {unknown}
 z - a potion of cancellation {unknown}
 A - a potion of heal wounds {unknown}
 C - 2 potions of brilliance {unknown}
 G - a potion of ambrosia {unknown}
 I - a potion of agility {unknown}
Comestibles
 f - 15 rations


   Skills:
 + Level 6.5 Fighting
 + Level 9.7 Axes
 + Level 4.4 Armour
 + Level 4.7 Dodging
 + Level 2.9 Stealth
 + Level 6.1 Shields
 + Level 0.7 Invocations


You had 9 spell levels left.
You didn't know any spells.
Your spell library contained the following spells:

 Spells                   Type           Power        Failure   Level  Hunger
 Confusing Touch          Hex            #.....       75%         1    ##.....
 Confuse                  Hex            #.......     98%         3    ####...
 Gell's Gravitas          Tloc           #.........   98%         3    ####...
 Petrify                  Tmut/Erth      #.......     100%        4    #####..
 Metabolic Englaciation   Hex/Ice        #.........   100%        5    ######.
 Yara's Violent Unravell  Hex/Tmut       #.........   100%        5    ######.


Dungeon Overview and Level Annotations

Branches:
Dungeon (9/15)             Temple (0/1) D:7            Lair (0/6) D:8
    Orc (0/2) D:9

Altars:
Ashenzari
Dithmenos
Elyvilon
Fedhas
Hepliaklqana
Makhleb
Okawaru
Ru
Sif Muna
Uskayaw
Wu Jian
Xom


Innate Abilities, Weirdness & Mutations

You have large cloven feet.
You are mostly covered in molten scales. (AC +3)
A demonic guardian rushes to your aid.
You sometimes gain a little power by taking damage.


Message History

You hit the centaur.
You kill the centaur!
Okawaru accepts your kill.
The orc wizard hits you with a +0 dagger.
* * * LOW HITPOINT WARNING * * *
The orc wizard mumbles some strange words.
The orc wizard blinks!
The orc wizard gestures wildly while chanting.
The orc wizard blinks!
The orc wizard casts a spell.
The orc wizard blinks!
All of the chunks of flesh in your inventory have rotted away.
You block the orc wizard's attack.
The orc wizard hits you but does no damage.
You completely miss the orc wizard.
You kick the orc wizard, but do no damage.
The orc wizard is lightly wounded.
The orc wizard points at you and mumbles some strange words.
The magic dart hits you!
You die...

#. # ####. .#
.....##########.#
#.)..........#
#............####
#..))............
#........@o...... .
#...(............ ...#
#...)............ ....
#..(............. ....
#######..()((..........
##..
........(..............
#..
######.##########.####
#.. #(# .# #.. #.# #..


You could see an orc wizard.

Vanquished Creatures
  A hippogriff (D:8)
  A wyvern (D:8)
  A hungry ghost (D:7)
  A water moccasin (D:9)
  An orc warrior (D:9)
  4 ice beasts
  2 sky beasts (D:7)
  A phantom (D:7)
  6 ogres
  3 necrophages
  7 centaurs
  3 bullfrogs
  A scorpion (D:5)
  A wyvern skeleton (D:7)
  3 wights (D:9)
  A howler monkey (D:7)
  7 crimson imps
  4 bullfrog zombies
  A centaur zombie (D:9)
  A jelly (D:9)
  4 orc priests
  A bullfrog skeleton (D:4)
  7 hounds
  4 centaur skeletons
  3 iguanas
  4 orc wizards
  8 worker ants
  A hound zombie (D:7)
  2 hound skeletons
  A howler monkey zombie (D:6)
  3 gnolls (D:2)
  2 howler monkey skeletons
  9 adders
  A shadow imp (D:6)
  An ooze (D:1)
  2 adder skeletons
  5 worms
  3 dart slugs
  3 leopard geckos
  26 orcs
  4 giant cockroaches
  4 hobgoblins
  12 jackals
  5 kobolds
  3 quokkas (D:7)
  9 bats
  3 frilled lizards
  6 goblins
  A leopard gecko zombie (D:8)
  A quokka zombie (D:5)
  10 rats
  2 bushes (D:4)
  3 plants (D:4)
203 creatures vanquished.

Vanquished Creatures (collateral kills)
  A komodo dragon (D:8)
  A sky beast (D:7)
  An orc warrior (D:6)
  A bullfrog (D:9)
  A wight (D:9)
  A howler monkey (D:5)
  A crimson imp (D:6)
  An adder skeleton (D:5)
  A leopard gecko (D:4)
  3 orcs
  A quokka (D:5)
13 creatures vanquished.

Vanquished Creatures (others)
  4 plants
4 creatures vanquished.

Grand Total: 220 creatures vanquished

Notes
Turn   | Place    | Note
-------+----------+-------------------------------------------
     0 | D:1      | galech the Demonspawn Fighter began the quest for the Orb.
     0 | D:1      | Reached XP level 1. HP: 18/18 MP: 1/1
   259 | D:1      | Gained mutation: You sometimes gain a little power by
                  | taking damage. [demonic ancestry]
   259 | D:1      | Reached XP level 2. HP: 19/24 MP: 2/2
   268 | D:1      | Reached skill level 2 in Axes
   667 | D:1      | Gained mutation: You are partially covered in molten
                  | scales. (AC +2) [demonic ancestry]
   667 | D:1      | Reached XP level 3. HP: 29/29 MP: 3/3
  1278 | D:2      | Gained mutation: You have large cloven feet. [demonic
                  | ancestry]
  1278 | D:2      | Reached XP level 4. HP: 35/35 MP: 4/4
  1439 | D:2      | Reached skill level 3 in Axes
  1511 | D:2      | Found a hide-covered altar of Uskayaw.
  1626 | D:3      | Gained mutation: A weak demonic guardian rushes to your
                  | aid. [demonic ancestry]
  1626 | D:3      | Reached XP level 5. HP: 34/41 MP: 5/5
  1773 | D:3      | Found a hazy altar of Hepliaklqana.
  2175 | D:3      | Reached skill level 1 in Dodging
  2303 | D:4      | Noticed an ogre
  2729 | D:4      | Found a shattered altar of Ashenzari.
  2798 | D:4      | Gained mutation: You are mostly covered in molten scales.
                  | (AC +3) [demonic ancestry]
  2798 | D:4      | Reached XP level 6. HP: 47/47 MP: 6/6
  2804 | D:4      | Reached skill level 4 in Axes
  3272 | D:4      | Found a burning altar of Makhleb.
  3307 | D:4      | Got a tattered robe
  3318 | D:4      | Identified the +2 robe "Hero's Friend" {rF+} (You found it
                  | on level 4 of the Dungeon)
  3361 | D:4      | Reached skill level 5 in Axes
  3361 | D:4      | Reached XP level 7. HP: 53/53 MP: 7/7
  4069 | D:5      | Entered Level 5 of the Dungeon
  4127 | D:5      | Found a blossoming altar of Fedhas.
  4717 | D:5      | Reached skill level 1 in Stealth
  4736 | D:5      | Found an iron altar of Okawaru.
  4752 | D:5      | Became a worshipper of Warmaster Okawaru
  5013 | D:6      | Reached skill level 6 in Axes
  5013 | D:6      | Gained mutation: A demonic guardian rushes to your aid.
                  | [demonic ancestry]
  5013 | D:6      | Reached XP level 8. HP: 59/60 MP: 8/8
  5227 | D:6      | Found a shadowy altar of Dithmenos.
  5778 | D:6      | Reached * piety under Okawaru
  5778 | D:6      | Reached skill level 7 in Axes
  5922 | D:6      | Reached skill level 5 in Fighting
  6203 | D:7      | Found a sacrificial altar of Ru.
  6225 | D:7      | Found a staircase to the Ecumenical Temple.
  6306 | D:7      | Reached XP level 9. HP: 67/67 MP: 9/9
  6387 | D:7      | Reached ** piety under Okawaru
  6861 | D:7      | Reached skill level 5 in Shields
  6908 | D:7      | Reached skill level 8 in Axes
  7505 | D:8      | Found a white marble altar of Elyvilon.
  7510 | D:8      | Found a shimmering altar of Xom.
  7596 | D:8      | Found a staircase to the Lair.
  7598 | D:8      | Noticed a komodo dragon
  7620 | D:8      | Killed a komodo dragon
  7979 | D:8      | Reached skill level 9 in Axes
  8192 | D:8      | Found a deep blue altar of Sif Muna.
  8335 | D:8      | Reached *** piety under Okawaru
  8535 | D:9      | Reached XP level 10. HP: 75/75 MP: 10/10
  8715 | D:9      | Found a staircase to the Orcish Mines.
  8994 | D:9      | Found an ornate altar of the Wu Jian Council.
  9071 | D:9      | Killed from afar by an orc wizard

Vault maps used:
D:1:      dpeg_arrival_water_fire
D:2:      nicolae_overflow_hidden_temple
D:3:      overflow_temple_1_default, corner_web_ring
D:4:      nicolae_ashenzari_panopticon, first_ration, serial_forest,
          infiniplex_forest_zigzag_2, infiniplex_forest_corner_1,
          infiniplex_forest_clump_small, infiniplex_forest_clump_diagonal,
          infiniplex_forest_end_1, infiniplex_forest_straight_3,
          infiniplex_forest_clump_small, infiniplex_forest_corner_1,
          infiniplex_forest_clump_long, bloody_makhleb
D:5:      fedhas_altar_1, lemuel_crystal_altar
D:6:      old_standard_altar, nicolae_underground_beach
D:7:      minmay_razor_zed, kennysheep_mini, minmay_temple_entry_tees
D:8:      lemuel_round_altar, gammafunk_temple_overflow_pools,
          david_lair_shrubbed
D:9:      wander_river, lemuel_round_altar, old_standard_altar, orc_0_dummy

Skill      XL: |  1  2  3  4  5  6  7  8  9 10 |
---------------+-------------------------------+-----
Axes           | 2 3 5 6 7 9 |  9.7
Armour         | 3 4 |  4.4
Shields        | 3 4 5 6 |  6.1
Dodging        | 1 2 4 |  4.7
Fighting       | 4 5 6 |  6.5
Stealth        | 1 2 |  2.9
Invocations    | |  0.7

Action                   |  1- 3 |  4- 6 |  7- 9 | 10-12 || total
-------------------------+-------+-------+-------+-------++-------
Melee: War axe           |   127 |   157 |   550 |    70 ||   904
       Kick              |       |    42 |   188 |    22 ||   252
Invok: Heroism           |       |       |     1 |     2 ||     3
  Use: Scroll            |       |       |       |     7 ||     7
 Stab: Sleeping          |       |       |     7 |     1 ||     8
       Distracted        |       |       |     1 |       ||     1
  Eat: Chunk             |     1 |     7 |    13 |     2 ||    23
       Ration            |       |       |     2 |       ||     2
Armor: Scale mail        |    81 |    31 |       |       ||   112
       Chain mail        |       |    51 |       |       ||    51
       Robe              |       |     1 |   105 |     8 ||   114
Dodge: Dodged            |    40 |    25 |   172 |    63 ||   300
Block: Shield            |    80 |    71 |   181 |    50 ||   382

Table legend:
 A = Non-vault XP
 B = Vault XP
 C = Vault XP percentage of total XP
 D = Non-vault monster count
 E = Vault monster count
 F = Vault count percentage of total count
                 A         B        C        D         E       F
            +---------+---------+-------+---------+---------+-------
      Total |    6470 |     585 |   8.3 |     202 |       9 |   4.3
            +---------+---------+-------+---------+---------+-------
        D:1 |      46 |       0 |   0.0 |      24 |       0 |   0.0
        D:2 |     123 |       0 |   0.0 |      24 |       0 |   0.0
        D:3 |      61 |       0 |   0.0 |      20 |       0 |   0.0
        D:4 |     622 |       0 |   0.0 |      19 |       0 |   0.0
        D:5 |     573 |       0 |   0.0 |      22 |       0 |   0.0
        D:6 |     793 |       0 |   0.0 |      20 |       0 |   0.0
        D:7 |    1757 |     245 |  12.2 |      26 |       8 |  23.5
        D:8 |     953 |     340 |  26.3 |      20 |       1 |   4.8
        D:9 |    1542 |       0 |   0.0 |      27 |       0 |   0.0
            +---------+---------+-------+---------+---------+-------
